 Dungeon Crawl Stone Soup version 0.21.1-1-g345015fe64 (webtiles) character file.

193 Lusmu the Firebug (level 5, -3/38 HPs)
             Began as a Draconian Fire Elementalist on Apr 9, 2018.
             Blown up by Ijyb (17 damage)
             ... with a wand of disintegration (15)
             ... on level 3 of the Dungeon.
             The game lasted 00:10:45 (2950 turns).

Lusmu the Firebug (Draconian Fire Elementalist)     Turns: 2950, Time: 00:10:46

Health: -3/38      AC:  8    Str: 10    XL:     5   Next: 43%
Magic:  4/8        EV: 12    Int: 15    God:
Gold:   92         SH:  0    Dex: 13    Spells: 4/8 levels left

rFire    . . .     SeeInvis .   h - +3 short sword
rCold    . . .     Gourm    .   (no shield)
rNeg     . . .     Faith    .   (armour unavailable)
rPois    .         Spirit   .   (helmet restricted)
rElec    .         Reflect  .   (no cloak)
rCorr    .         Harm     .   e - +1 pair of gloves
MR       .....                  o - +0 pair of boots
Stlth    ++........             (no amulet)
HPRegen  0.12/turn              (no ring)
MPRegen  0.11/turn              (no ring)

@: no status effects
A: unfitting armour, horns 1, screaming 1, wild magic 1, evolution 1,
cold-blooded, AC +5
a: no special abilities


You were on level 3 of the Dungeon.
You were not hungry.

You visited 1 branch of the dungeon, and saw 3 of its levels.

You collected 92 gold pieces.

Inventory:

Hand Weapons
 h - a +3 short sword (weapon)
 t - a +0 hunting sling
Missiles
 c - 88 sling bullets
 g - 10 bolts
 p - 3 tomahawks of returning (quivered)
Armour
 e - a +1 pair of gloves (worn)
 o - a +0 pair of boots (worn)
Wands
 u - a wand of flame (20)
Scrolls
 i - a scroll of amnesia
 j - a scroll of fear
 k - a scroll of teleportation
 l - a scroll of identify
 m - a scroll of immolation {unknown}
 v - a scroll of enchant weapon {unknown}
 w - a scroll of magic mapping {unknown}
Potions
 d - 2 potions of curing {unknown}
 f - a potion of flight
 n - a potion of resistance {unknown}
 r - a potion of lignification {unknown}
 s - a potion of berserk rage {unknown}
Books
 a - a book of Flames

   Spells                             Type                      Level
   a - Flame Tongue                   Conjuration/Fire             1
   b - Throw Flame                    Conjuration/Fire             2
   c - Conjure Flame                  Conjuration/Fire             3
   d - Inner Flame                    Hexes/Fire                   3
   e - Sticky Flame                   Conjuration/Fire             4
   f - Fireball                       Conjuration/Fire             5
Comestibles
 b - 4 rations


   Skills:
 - Level 1.7 Dodging
 - Level 1.7 Stealth
 - Level 2.0 Spellcasting
 * Level 3.8 Conjurations
 * Level 4.8 Fire Magic


You had 4 spell levels left.
You knew the following spells:

 Your Spells              Type           Power        Failure   Level  Hunger
a - Flame Tongue          Conj/Fire      ###..        6%          1    #......
b - Conjure Flame         Conj/Fire      ###.....     16%         3    ###....


Dungeon Overview and Level Annotations

Branches:
Dungeon (3/15)

Altars:
Qazlal
Trog
Uskayaw

Annotations:
D:3 Ijyb


Innate Abilities, Weirdness & Mutations

Your plain brown scales are hard. (AC +5)
You cannot fit into any form of body armour.
You are cold-blooded and may be slowed by cold attacks.
You have a pair of small horns on your head.
You occasionally shout uncontrollably at your foes.
Your spells are a little harder to cast, but a little more powerful.
You evolve.


Message History

Ijyb is moderately wounded.
Ijyb hits you but does no damage.
Casting: Flame Tongue
Confirm with . or Enter, or press ? or * to list all spells.
Aiming: Flame Tongue
Press: ? - help, Shift-Dir - straight line, f/p - Ijyb
Aim: Ijyb, wearing a runed leather armour and carrying a wand of disintegration (16) (moderately wounded)
The flame tongue hits Ijyb.
Ijyb is moderately wounded.
Ijyb zaps a wand.
You are blasted!
Ouch! That really hurt!
Casting: Flame Tongue
Confirm with . or Enter, or press ? or * to list all spells.
Aiming: Flame Tongue
Press: ? - help, Shift-Dir - straight line, f/p - Ijyb
Aim: Ijyb, wearing a runed leather armour and carrying a wand of disintegration (15) (moderately wounded)
The flame tongue hits Ijyb.
Ijyb is heavily wounded.
Ijyb zaps a wand.
You are blasted!
You die...

#.....#......... #.........#
###..##...#...## #.........#
####.....##..... #.........#
.....#.........# ##.....>.##
#####...# .... ##......###
...##...# #..#######........#
##.....###. #.)..#............#
###.....#.##...g..###........#
###..#####.....@.............##
##....###_##.......#...#....#..#
#..#..##...##........#.......#.##
.....####'####.............#.#...
...###.#...#.##.....#......#.###.
#####_.'.8.'._##...###.....#.##..
######.#...#.####...##.#.........
##...####'#### #..#.##.###.#.....
##.### #...#####.##..#. #<#.....


You could see Ijyb.

Vanquished Creatures
  The ghost of error the Gusty, an amateur OpAE (D:3)
  A howler monkey (D:2)
  Terence (D:3)
  2 adders
  2 worms (D:2)
  A leopard gecko (D:2)
  A giant cockroach (D:1)
  5 goblins
  6 hobgoblins
  3 ball pythons
  4 bats
  3 frilled lizards
  7 kobolds
  6 rats
43 creatures vanquished.

Notes
Turn   | Place    | Note
-------+----------+-------------------------------------------
     0 | D:1      | Lusmu the Draconian Fire Elementalist began the quest for the Orb.
     0 | D:1      | Reached XP level 1. HP: 14/14 MP: 3/3
   290 | D:1      | Reached XP level 2. HP: 13/20 MP: 5/5
   973 | D:2      | Found a faded altar of an unknown god.
  1253 | D:2      | Reached XP level 3. HP: 26/26 MP: 1/6
  1830 | D:2      | Reached skill level 4 in Fire Magic
  1830 | D:2      | Reached XP level 4. HP: 26/33 MP: 0/7
  2349 | D:3      | Noticed error's ghost (amateur OpAE)
  2359 | D:3      | Killed error's ghost
  2359 | D:3      | Reached XP level 5. HP: 29/38 MP: 8/8
  2613 | D:3      | Gained mutation: You have a pair of small horns on your head. [potion of mutation]
  2613 | D:3      | Gained mutation: You occasionally shout uncontrollably at your foes. [potion of mutation]
  2613 | D:3      | Gained mutation: You evolve. [potion of mutation]
  2613 | D:3      | Gained mutation: Your spells are a little harder to cast, but a little more powerful. [potion of mutation]
  2619 | D:3      | Noticed Terence
  2620 | D:3      | Noticed Ijyb
  2642 | D:3      | Learned a level 3 spell: Conjure Flame
  2808 | D:3      | Found a bloodstained altar of Trog.
  2814 | D:3      | Found a stormy altar of Qazlal.
  2822 | D:3      | Found a hide-covered altar of Uskayaw.
  2856 | D:3      | Killed Terence
  2950 | D:3      | Blown up by Ijyb

Skill      XL: |  1  2  3  4 |
---------------+-------------+-----
Conjurations   | 2 3 |  3.8
Fire Magic     | 4 |  4.8
Dodging        | |  1.7
Stealth        | |  1.7
Spellcasting   | |  2.0

Action                   |  1- 3 |  4- 6 || total
-------------------------+-------+-------++-------
Melee: Short sword       |    37 |    32 ||    69
       Unarmed           |     4 |       ||     4
       Tailslap          |     3 |     1 ||     4
       Headbutt          |       |     1 ||     1
 Cast: Flame Tongue      |    26 |    15 ||    41
  Use: Scroll            |       |     6 ||     6
       Potion            |       |     1 ||     1
 Stab: Sleeping          |     2 |     1 ||     3
  Eat: Chunk             |     3 |     4 ||     7
Armor: Skin              |    13 |    16 ||    29
Dodge: Dodged            |    35 |    21 ||    56
